 Dungeon Crawl Stone Soup version 0.29-a0-100-g60f898f876 (webtiles) character file.

Game seed: 8010162958185998578

472 Klosterheim the Chopper (level 6, -14/48 HPs)
             Began as a Demonspawn Gladiator on Feb 14, 2022.
             Killed by an exploding scorpion (15 damage)
             ... ignited by their inner flame
             ... on level 5 of the Dungeon.
             The game lasted 00:17:22 (7311 turns).

Klosterheim the Chopper (Demonspawn Gladiator)      Turns: 7311, Time: 00:17:24

Health: -14/48     AC: 11    Str: 14    XL:     6   Next: 83%
Magic:  0/6        EV:  7    Int: 11    God:
Gold:   84         SH:  0    Dex: 15    Spells: 5/5 levels left

rFire   . . .      SeeInvis +   a - +0 war axe
rCold   . . .      Faith    .   (no shield)
rNeg    . . .      Spirit   +   l - +0 chain mail
rPois   .          Reflect  .   c - +0 helmet
rElec   .          Harm     .   (no cloak)
rCorr   .          Rampage  .   g - +1 pair of gloves
Will    .....                   (no boots)
Stlth   ..........              (no amulet)
HPRegen 0.16/turn               o - ring of see invisible
MPRegen 0.20/turn               (no ring)

@: lethally poisoned (-14 -> -22)
A: magic shield, magic regeneration
a: no special abilities


You were on level 5 of the Dungeon.
You visited 1 branch of the dungeon, and saw 5 of its levels.

You collected 181 gold pieces.
You spent 97 gold pieces at shops.

Inventory:

Hand Weapons
 a - a +0 war axe (weapon)
Missiles
 d - 2 throwing nets (quivered)
Armour
 c - a +0 helmet (worn)
 g - a +1 pair of gloves (worn)
 l - a +0 chain mail (worn)
Magical Staves
 e - a staff of death
 s - a staff of earth
Jewellery
 j - a ring of fire
 o - a ring of see invisible (left hand)
Wands
 q - a wand of iceblast (8)
 r - a wand of flame (20)
Scrolls
 b - a scroll of identify
Potions
 f - a potion of resistance {unknown}
 h - a potion of lignification {unknown}
 n - a potion of might {unknown}
 p - a potion of ambrosia {unknown}
 t - a potion of haste {unknown}


   Skills:
 - Level 4.0 Fighting
 - Level 5.0 Axes
 - Level 2.0 Throwing
 * Level 1.9 Armour
 - Level 4.0 Dodging


You had 5 spell levels left.
You didn't know any spells.
Your spell library contained the following spells:

 Spells                   Type           Power      Damage    Failure   Level
 Summon Small Mammal      Summ           0%         N/A       100%        1
 Call Canine Familiar     Summ           0%         N/A       100%        3
 Summon Guardian Golem    Hex/Summ       0%         N/A       100%        3


Dungeon Overview and Level Annotations

Branches:
Dungeon (5/15)
 Temple: D:4-7

Altars:
Ashenzari
Dithmenos
Fedhas
Gozag
Trog
Uskayaw
Zin

Shops:
D:4 *

Annotations:
D:2 1 runed translucent door, Crazy Yiuf


Innate Abilities, Weirdness & Mutations

When hurt, damage is shared between your health and your magic reserves.
You regenerate magic rapidly.


Message History

The hound barely misses you. The hound bites you but does no damage.
You slash the hound!
The hound is almost dead.
The hound barely misses you. The hound bites you but does no damage.
You slash the hound!
You kill the hound!
The scorpion stings you.
Training target 4.0 for Fighting reached!
Your Fighting skill increases to level 4!
You closely miss the scorpion.
The scorpion stings you but does no damage.
The orc priest mumbles some strange prayers to Beogh against you.
Beogh smites you!
* * * LOW HITPOINT WARNING * * *
The scorpion stings you.
* * * LOW HITPOINT WARNING * * *
Really read the scroll of immolation?
As you read the scroll of immolation, it crumbles to dust.
The creatures around you are filled with an inner flame!
The scorpion stings you but does no damage.
There are monsters nearby!
You barely miss the scorpion.
The orc priest looks braver for a moment.
The scorpion stings you.
* * * LOW HITPOINT WARNING * * *
You are lethally poisoned!
The scorpion poisons you!
You hit the scorpion.
Flame seeps out of the scorpion.
The scorpion is moderately wounded.
* * * LOW HITPOINT WARNING * * *
You feel very sick.
The orc priest calls upon Beogh to heal the orc.
The orc's wounds heal themselves!
The scorpion is engulfed in blazing flames.
Flame seeps out of the scorpion.
The scorpion stings you!
* * * LOW HITPOINT WARNING * * *
The scorpion is engulfed in blazing flames.
The scorpion explodes!
The fiery explosion engulfs you!
You die...

############
#..........#####
#.######.#.....# #.#
###.#####.##
#.####.....###..#
#.##..##.##..##.#
#.#.####+####.#.##########
#........@○oow............
#.######+##########..####.
#...............###.o.##
###.####+####.#...........
##..##.##..##........w..
###.....###............
###.####...#######...
#.#.#......# ...
#..>.......# ..


You could see an orc priest (inner flame), a dart slug (inner flame) and an orc
(inner flame).

Vanquished Creatures
  2 scorpions
  A water moccasin skeleton (D:5)
  A howler monkey (D:4)
  2 hounds
  A scorpion zombie (D:5)
  Ijyb (D:4)
  4 adders (D:2)
  12 gnolls
  A worm (D:2)
  3 orcs (D:3)
  10 endoplasms
  3 giant cockroaches
  4 goblins
  6 hobgoblins
  2 jackals (D:1)
  4 kobolds
  2 quokkas
  5 ball pythons
  8 bats
  2 frilled lizards (D:1)
  8 rats
82 creatures vanquished.

Vanquished Creatures (others)
  4 fungi (D:4)
  13 plants
17 creatures vanquished.

Grand Total: 99 creatures vanquished

Notes
Turn   | Place    | Note
-------+----------+-------------------------------------------
     0 | D:1      | Klosterheim the Demonspawn Gladiator began the quest for
                  | the Orb.
     0 | D:1      | Reached XP level 1. HP: 16/16 MP: 1/1
   316 | D:1      | Gained mutation: You regenerate magic rapidly. [demonic
                  | ancestry]
   316 | D:1      | Reached XP level 2. HP: 7/22 MP: 2/2
   613 | D:1      | Reached skill level 3 in Axes
  1092 | D:2      | Gained mutation: When hurt, damage is shared between your
                  | health and your magic reserves. [demonic ancestry]
  1092 | D:2      | Reached XP level 3. HP: 10/28 MP: 3/3
  1539 | D:2      | Found a faded altar of an unknown god.
  1809 | D:2      | Found a runed translucent door.
  1810 | D:2      | Noticed Crazy Yiuf
  1977 | D:2      | Reached XP level 4. HP: 23/34 MP: 4/4
  3267 | D:3      | Reached skill level 4 in Axes
  3438 | D:3      | Found a shadowy altar of Dithmenos.
  3844 | D:3      | Reached XP level 5. HP: 41/41 MP: 5/5
  3990 | D:3      | Found a bloodstained altar of Trog.
  4377 | D:4      | Found Kuisuule's General Store.
  4389 | D:4      | Bought a scroll of blinking for 97 gold pieces
  4404 | D:4      | Noticed a +0 dagger
  4404 | D:4      | Noticed a +0 hand axe
  4408 | D:4      | Found a hide-covered altar of Uskayaw.
  4854 | D:4      | Noticed Ijyb
  4870 | D:4      | Killed Ijyb
  5057 | D:4      | Found a broken altar of Ashenzari.
  5696 | D:5      | Entered Level 5 of the Dungeon
  5749 | D:5      | Reached XP level 6. HP: 43/47 MP: 6/6
  5781 | D:5      | Found an opulent altar of Gozag.
  5872 | D:4      | HP: 1/47 [scorpion (5)]
  5886 | D:3      | Reached skill level 5 in Axes
  6933 | D:4      | Found a blossoming altar of Fedhas.
  7135 | D:5      | Reached skill level 1 in Armour
  7311 | D:5      | HP: 1/48 [scorpion (5)]
  7311 | D:5      | Killed by an exploding scorpion... ignited by their inner
                  | flame

Illustrated notes

Levels and vault maps discovered:
D:1:      moated_graveyard_arrival, layout_basic
D:2:      layout_loops_cross, hellmonk_ecumenical_altar_blasted, basic_altar,
          uniq_crazy_yiuf_cottage
D:3:      cheibrodos_old_hovel, layout_loops_corners,
          grunt_dithmenos_smoke_and_mirrors, trog_book, nrook_mini_vaults,
          guppyfry_early_orc_mine
D:4:      layout_basic, fedhas_altar_3, dancing_weapons_uskayaw,
          mainiacjoe_overflow_24_doors, serial_shops, shop, uniq_ijyb
D:5:      layout_basic, mainiacjoe_overflow_paths,
          lemuel_zombie_altar_kikubaaqudgha, minmay_temple_entry_crystal_x,
          interstate_on_off

Skill      XL: |  1  2  3  4  5  6 |
---------------+-------------------+-----
Axes           | 3 4 5 |  5.0
Throwing       | 2 |  2.0
Dodging        | 3 4 |  4.0
Fighting       | 3 4 |  4.0
Armour         | 1 |  1.9

Action                   |  1- 3 |  4- 6 || total
-------------------------+-------+-------++-------
Melee: War axe           |   110 |   207 ||   317
       Punch             |     1 |     3 ||     4
Throw: Throwing net      |     1 |     3 ||     4
  Use: Scroll            |       |     6 ||     6
       Potion            |       |     3 ||     3
 Stab: Sleeping          |     2 |       ||     2
Armor: Leather armour    |    38 |       ||    38
       Chain mail        |    21 |   146 ||   167
Dodge: Dodged            |    62 |    83 ||   145

Table legend: (Time is in decaauts)
 A = Elapsed time spent in this place.
 B = Non-inter-level travel time spent in this place.
 C = Inter-level travel time spent in this place.
 D = Time resting spent in this place.
 E = Time spent auto-exploring this place.
 F = Levels seen in this place.
 G = Mean time per level.
                   A        B        C        D        E       F      G
               +--------+--------+--------+--------+--------+-----+--------+
         Total |   7421 |   6807 |    614 |   2837 |   2665 |   5 | 1484.2 |
       Dungeon |   7421 |   6807 |    614 |   2837 |   2665 |   5 | 1484.2 |
               +--------+--------+--------+--------+--------+-----+--------+

Top non-repeatable levels by time:
     D:2: 2420 daAuts
     D:3: 2181 daAuts
     D:4: 1350 daAuts
     D:1: 1152 daAuts
     D:5: 316 daAuts
